 Dungeon Crawl Stone Soup version 0.22-a0-223-g0f5d773 (webtiles) character file.

340 varam the Charmwright (level 6, 0/51 HPs)
             Began as a Gnoll Skald on Feb 18, 2018.
             Was an Initiate of Makhleb.
             Killed from afar by RoseArtemis's ghost (14 damage)
             ... with a flame tongue
             ... on level 5 of the Dungeon.
             The game lasted 00:14:08 (4472 turns).

varam the Charmwright (Gnoll Skald)                 Turns: 4472, Time: 00:14:09

Health: 0/51       AC:  3    Str: 16    XL:     6   Next: 56%
Magic:  14/14      EV: 12    Int: 16    God:    Makhleb [......]
Gold:   181        SH:  9    Dex: 21    Spells: 9/15 levels left

rFire    . . .     SeeInvis .   u - +0 flail
rCold    . . .     Gourm    .   p - +0 shield
rNeg     . . .     Faith    .   b - +0 leather armour
rPois    .         Spirit   .   (no helmet)
rElec    .         Reflect  .   (no cloak)
rCorr    .         Harm     .   (no gloves)
MR       .....                  (no boots)
Stlth    ++........             (no amulet)
HPRegen  0.17/turn              g - +5 ring of dexterity
MPRegen  0.14/turn              m - +3 ring of strength

@: lethally poisoned (0 -> -5), drained
A: distributed training, fangs 1, strong nose
a: Renounce Religion


You were on level 5 of the Dungeon.
You worshipped Makhleb.
Makhleb was noncommittal.
You were not hungry.

You visited 1 branch of the dungeon, and saw 6 of its levels.

You collected 181 gold pieces.

Inventory:

Hand Weapons
 a - a +0 hand axe
 u - a +0 flail (weapon)
Armour
 b - a +0 leather armour (worn)
 p - a +0 shield (worn)
Jewellery
 f - an uncursed ring of protection from magic
 g - a +5 ring of dexterity (left hand)
 m - a +3 ring of strength (right hand)
 w - a +6 ring of dexterity
Wands
 j - a wand of paralysis (8)
Scrolls
 e - 3 scrolls of amnesia
 h - a scroll of teleportation
 i - a scroll of fear
 l - 5 scrolls of remove curse
 n - a scroll of enchant weapon
 q - 2 scrolls of enchant armour {unknown}
 r - a scroll of noise {unknown}
 s - a scroll of magic mapping {unknown}
Potions
 d - 4 potions of heal wounds
 o - 2 potions of agility {unknown}
 t - 3 potions of curing
 v - 2 potions of brilliance
Comestibles
 c - 5 rations
 k - 5 chunks of flesh


   Skills:
 + Level 5.0(4.4) Fighting
 + Level 2.0(1.4) Short Blades
 + Level 2.0(1.4) Long Blades
 + Level 5.0(4.4) Axes
 + Level 2.0(1.4) Maces & Flails
 + Level 2.0(1.4) Polearms
 + Level 2.0(1.4) Staves
 + Level 2.0(1.4) Slings
 + Level 2.0(1.4) Bows
 + Level 2.0(1.4) Crossbows
 + Level 2.0(1.4) Throwing
 + Level 3.2(2.7) Armour
 + Level 5.0(4.4) Dodging
 + Level 2.0(1.4) Stealth
 + Level 2.0(1.4) Shields
 + Level 2.0(1.4) Unarmed Combat
 + Level 5.4(4.7) Spellcasting
 + Level 1.5(1.0) Conjurations
 + Level 1.5(1.0) Hexes
 + Level 5.6(5.0) Charms
 + Level 1.5(1.0) Summonings
 + Level 1.5(1.0) Necromancy
 + Level 1.5(1.0) Translocations
 + Level 1.5(1.0) Transmutations
 + Level 1.5(1.0) Fire Magic
 + Level 1.5(1.0) Ice Magic
 + Level 1.5(1.0) Air Magic
 + Level 1.5(1.0) Earth Magic
 + Level 1.5(1.0) Poison Magic
 + Level 2.2(1.6) Invocations
 + Level 2.0(1.4) Evocations


You had 9 spell levels left.
You knew the following spells:

 Your Spells              Type           Power        Failure   Level  Hunger
a - Infusion              Chrm           ###.         14%         1    None
b - Song of Slaying       Chrm           ###.....     21%         2    ##.....
c - Spectral Weapon       Hex/Chrm       ##......     67%         3    ###....


Dungeon Overview and Level Annotations

Branches:
Dungeon (6/15)             Temple (0/1) D:4

Altars:
Makhleb

Annotations:
D:2 Sigmund
D:3 Grinder; MacroTabsAreStupid's ghost, amateur GrFi
D:5 RoseArtemis's ghost, novice DrFE


Innate Abilities, Weirdness & Mutations

Your experience applies equally to all skills.
You have very sharp teeth.
Your uncanny sense of smell can sniff out nearby items.


Message History

Makhleb accepts your kill.
There is a stone staircase leading up here.
You hit RoseArtemis's ghost.
RoseArtemis's ghost is lightly damaged.
You block RoseArtemis's ghost's attack.
RoseArtemis's ghost gestures at you while chanting.
The sting misses you.
You sock RoseArtemis's ghost!
RoseArtemis's ghost is lightly damaged.
RoseArtemis's ghost hits you!
You are poisoned.
You sock RoseArtemis's ghost!
RoseArtemis's ghost is moderately damaged.
You feel sick. You block RoseArtemis's ghost's attack.
RoseArtemis's ghost hits you!
You feel sick.
RoseArtemis's ghost shrieks, "You will never get the ORB!"
RoseArtemis's ghost gestures at you while chanting.
The flame tongue hits you!
You die...

. #.###.#######....
.####.#............#
................>.#
#..#.#.........)..######
#..#.#............(÷(..#
#..#.#..........#.####.#∆
#..#.#.#.............#.#
#.................##.#.#
##.###..#.#..@W#####...##W#W#
#.......#.##########..###<#.#
######.##.............#####.#
#.##############....W..#
#.##.######################
#.................
#.##.##...######## ..
#............. ..#
#..#...########


You could see RoseArtemis's ghost.

Vanquished Creatures
  A centaur (D:6)
  A scorpion (D:4)
  A hound (D:3)
  A worker ant (D:4)
  6 adders
  2 oozes
  4 worms
  A dart slug (D:2)
  2 leopard geckos
  7 orcs
  4 giant cockroaches
  8 hobgoblins
  6 jackals
  2 quokkas
  9 bats
  8 frilled lizards
  6 goblins
  5 kobolds
  A leopard gecko skeleton (D:4)
  4 rats
79 creatures vanquished.

Notes
Turn   | Place    | Note
-------+----------+-------------------------------------------
     0 | D:1      | varam the Gnoll Skald began the quest for the Orb.
     0 | D:1      | Reached XP level 1. HP: 20/20 MP: 6/6
   147 | D:1      | Reached XP level 2. HP: 26/26 MP: 7/7
   196 | D:1      | Learned a level 2 spell: Song of Slaying
   271 | D:1      | Reached XP level 3. HP: 28/31 MP: 3/9
   284 | D:1      | Reached skill level 5 in Spellcasting
   514 | D:2      | Reached skill level 1 in Invocations
   563 | D:2      | Reached skill level 1 in Short Blades
   563 | D:2      | Reached skill level 1 in Long Blades
   563 | D:2      | Reached skill level 1 in Maces & Flails
   563 | D:2      | Reached skill level 1 in Polearms
   563 | D:2      | Reached skill level 1 in Staves
   563 | D:2      | Reached skill level 1 in Slings
   563 | D:2      | Reached skill level 1 in Bows
   563 | D:2      | Reached skill level 1 in Crossbows
   563 | D:2      | Reached skill level 1 in Throwing
   563 | D:2      | Reached skill level 1 in Stealth
   563 | D:2      | Reached skill level 1 in Shields
   563 | D:2      | Reached skill level 1 in Unarmed Combat
   563 | D:2      | Reached skill level 1 in Evocations
   779 | D:2      | Reached XP level 4. HP: 38/38 MP: 9/11
  1093 | D:2      | Noticed Sigmund
  1580 | D:3      | Reached skill level 1 in Conjurations
  1580 | D:3      | Reached skill level 1 in Hexes
  1580 | D:3      | Reached skill level 1 in Summonings
  1580 | D:3      | Reached skill level 1 in Necromancy
  1580 | D:3      | Reached skill level 1 in Translocations
  1580 | D:3      | Reached skill level 1 in Transmutations
  1580 | D:3      | Reached skill level 1 in Fire Magic
  1580 | D:3      | Reached skill level 1 in Ice Magic
  1580 | D:3      | Reached skill level 1 in Air Magic
  1580 | D:3      | Reached skill level 1 in Earth Magic
  1580 | D:3      | Reached skill level 1 in Poison Magic
  1618 | D:3      | Learned a level 3 spell: Spectral Weapon
  1622 | D:3      | Found a burning altar of Makhleb.
  1688 | D:3      | Reached XP level 5. HP: 43/43 MP: 10/12
  1796 | D:3      | Became a worshipper of Makhleb the Destroyer
  1884 | D:3      | Noticed MacroTabsAreStupid's ghost (amateur GrFi)
  1980 | D:3      | Noticed Grinder
  2131 | D:3      | HP: 1/43 [MacroTabsAreStupid's ghost (14)]
  2435 | D:3      | HP: 1/43 [MacroTabsAreStupid's ghost (11)]
  2785 | D:4      | Noticed an ogre
  3218 | D:4      | Reached skill level 3 in Armour
  3241 | D:4      | Found a staircase to the Ecumenical Temple.
  3504 | D:4      | Reached skill level 2 in Invocations
  3504 | D:4      | Reached XP level 6. HP: 26/50 MP: 13/13
  3852 | D:5      | Entered Level 5 of the Dungeon
  3859 | D:5      | Noticed RoseArtemis's ghost (novice DrFE)
  4238 | D:6      | Reached skill level 5 in Fighting
  4238 | D:6      | Reached skill level 2 in Short Blades
  4238 | D:6      | Reached skill level 2 in Long Blades
  4238 | D:6      | Reached skill level 5 in Axes
  4238 | D:6      | Reached skill level 2 in Maces & Flails
  4238 | D:6      | Reached skill level 2 in Polearms
  4238 | D:6      | Reached skill level 2 in Staves
  4238 | D:6      | Reached skill level 2 in Slings
  4238 | D:6      | Reached skill level 2 in Bows
  4238 | D:6      | Reached skill level 2 in Crossbows
  4238 | D:6      | Reached skill level 2 in Throwing
  4238 | D:6      | Reached skill level 5 in Dodging
  4238 | D:6      | Reached skill level 2 in Stealth
  4238 | D:6      | Reached skill level 2 in Shields
  4238 | D:6      | Reached skill level 2 in Unarmed Combat
  4238 | D:6      | Reached skill level 2 in Evocations
  4472 | D:5      | Killed from afar by RoseArtemis's ghost

Vault maps used:
D:1:      saegor_arrival_simple_e
D:2:      uniq_sigmund
D:3:      first_ration, cheibrodos_sewer_entry_bend, makhleb_heckhound_becter,
          uniq_grinder
D:4:      minmay_temple_entry_statues_fountains
D:5:      nemelex_xobeh_ov_fountains_minmay, minitemple, okawaru_gym_becter
D:6:      serial_shops, shop

Skill      XL: |  1  2  3  4  5  6 |
---------------+-------------------+-----
Spellcasting   | 5 |  5.4
Invocations    | 1 2 |  2.2
Short Blades   | 1 2 |  2.0
Long Blades    | 1 2 |  2.0
Maces & Flails | 1 2 |  2.0
Polearms       | 1 2 |  2.0
Staves         | 1 2 |  2.0
Slings         | 1 2 |  2.0
Bows           | 1 2 |  2.0
Crossbows      | 1 2 |  2.0
Throwing       | 1 2 |  2.0
Stealth        | 1 2 |  2.0
Shields        | 1 2 |  2.0
Unarmed Combat | 1 2 |  2.0
Evocations     | 1 2 |  2.0
Conjurations   | 1 |  1.5
Hexes          | 1 |  1.5
Summonings     | 1 |  1.5
Necromancy     | 1 |  1.5
Translocations | 1 |  1.5
Transmutations | 1 |  1.5
Fire Magic     | 1 |  1.5
Ice Magic      | 1 |  1.5
Air Magic      | 1 |  1.5
Earth Magic    | 1 |  1.5
Poison Magic   | 1 |  1.5
Armour         | 3 |  3.2
Fighting       | 5 |  5.0
Axes           | 5 |  5.0
Dodging        | 5 |  5.0
Charms         | |  5.6

Action                   |  1- 3 |  4- 6 || total
-------------------------+-------+-------++-------
Melee: Hand axe          |    82 |   114 ||   196
       Bite              |     6 |    26 ||    32
       Punch             |     1 |       ||     1
       Flail             |       |    57 ||    57
 Cast: Infusion          |     3 |     8 ||    11
       Song of Slaying   |     2 |     4 ||     6
       Spectral Weapon   |       |     3 ||     3
Evoke: Wand              |       |     3 ||     3
  Use: Potion            |       |     5 ||     5
       Scroll            |       |     5 ||     5
 Stab: Sleeping          |       |     4 ||     4
       Distracted        |       |     1 ||     1
  Eat: Chunk             |       |     5 ||     5
       Ration            |       |     2 ||     2
Armor: Leather armour    |    29 |    24 ||    53
Dodge: Dodged            |    73 |   127 ||   200
Block: Shield            |       |    18 ||    18

Table legend:
 A = Spawn XP
 B = Non-spawn XP
 C = Spawn XP percentage of total XP
 D = Spawn monster count
 E = Non-spawn monster count
 F = Spawn count percentage of total count
 G = Total turns spent on level
                    A         B        C        D         E        F      G
               +---------+---------+-------+---------+---------+-------+---------
         Total |       0 |     487 |   0.0 |       0 |      79 |   0.0 |  4472
               +---------+---------+-------+---------+---------+-------+---------
           D:1 |       0 |      42 |   0.0 |       0 |      24 |   0.0 |   485
           D:2 |       0 |      90 |   0.0 |       0 |      27 |   0.0 |  1519
           D:3 |       0 |      86 |   0.0 |       0 |       9 |   0.0 |   458
           D:4 |       0 |     138 |   0.0 |       0 |      11 |   0.0 |  1589
           D:5 |       0 |      17 |   0.0 |       0 |       6 |   0.0 |   153
           D:6 |       0 |     114 |   0.0 |       0 |       2 |   0.0 |   268
               +---------+---------+-------+---------+---------+-------+---------
